Map: Kairos Junction LE

Players

SortOf

  • Race: Zerg Zerg
  • League: Diamond
  • Spawn Location: 11:00

GunGFuBanDa - Winner!

  • Race: Protoss Protoss
  • Spawn Location: 5:00

Event: 2019 WCS Summer

VOD

Have the link to the VOD?

Description

Time

  • Played on: July 13, 2019, 9:38 a.m.
  • Length: 12:41

All games in this series

Show
View Real Time Build Order
Export as new Build Order

SortOf Zerg 

Build Orders: Pool First, Swarm Host 

Get SALT Encoding   

  12  0:00  Drone  
  13  0:12  Overlord  
  13  0:17  Drone  
  14  0:31  Drone x2  
  16  0:45  Drone  
  17  0:50  Drone  
  17  0:55  Extractor  
  17  0:58  Drone  
  17  1:02  Spawning Pool  
  17  1:15  Hatchery  
  17  1:18  Drone  
  17  1:22  Drone  
  18  1:29  Overlord  
  18  1:49  Zergling x2, Queen  
  18  1:50  Zergling x2  
  23  2:09  Metabolic Boost  
  23  2:13  Drone x2  
  24  2:20  Hatchery  
  23  2:24  Zergling x2  
  23  2:25  Queen  
  26  2:34  Zergling x2  
  27  2:47  Zergling x2  
  28  2:53  Overlord  
  28  2:57  Drone x2  
  30  3:12  Zergling x4  
  32  3:19  Extractor  
  30  3:25  Drone  
  31  3:31  Queen  
  34  3:36  Drone  
  34  3:39  Drone  
  34  3:40  Drone  
  34  3:41  Drone x2, Hatchery  
  38  3:45  Overlord  
  38  3:46  Drone  
  38  3:54  Drone  
  39  4:02  Drone  
  40  4:09  Overlord  
  38  4:12  Drone  
  38  4:16  Roach Warren  
  38  4:18  Drone  
  38  4:19  Drone  
  38  4:23  Drone x3  
  43  4:31  Zergling x4  
  43  4:32  Queen  
  46  4:39  Drone  
  46  4:43  Zergling x8  
  51  4:51  Drone x3  
  54  4:55  Overlord  
  54  4:57  Drone  
  55  5:04  Queen, Overlord  
  57  5:07  Drone x2  
  59  5:16  Roach x5  
  67  5:22  Roach x3  
  67  5:28  Overlord x2  
  72  5:37  Overlord  
  70  5:43  Drone  
  70  5:49  Drone x10  
  77  5:54  Extractor x2  
  77  5:56  Drone  
  77  5:57  Drone  
  77  6:06  Lair, Overlord  
  77  6:07  Drone x2  
  79  6:12  Drone  
  79  6:16  Drone x2  
  81  6:20  Drone x4  
  81  6:21  Queen  
  81  6:25  Drone x2  
  89  6:29  Drone x4  
  93  6:37  Roach x2  
  94  6:44  Roach x3  
  99  6:48  Extractor x2, Roach x3  
  99  6:53  Overlord  
  103  6:57  Roach  
  103  6:58  Overlord  
  103  7:01  Overlord  
  105  7:07  Spine Crawler  
  104  7:09  Ravager  
  104  7:11  Overlord  
  104  7:12  Spine Crawler, Roach x4  
  104  7:13  Ravager x2  
  114  7:19  Ravager x2  
  114  7:20  Zergling x10  
  121  7:27  Drone x2  
  123  7:31  Roach x4  
  123  7:34  Overseer  
  131  7:44  Overseer  
  131  7:46  Drone x5  
  131  7:49  Infestation Pit  
  135  7:51  Overseer  
  135  7:56  Glial Reconstitution  
  135  7:59  Overlord  
  135  8:00  Overlord  
  135  8:02  Overlord x2  
  135  8:04  Hatchery  
  134  8:10  Ravager x2  
  134  8:12  Roach  
  137  8:14  Overlord  
  137  8:19  Roach x5  
  144  8:30  Overlord  
  144  8:37  Roach x7  
  144  8:38  Roach  
  160  8:43  Overlord  
  160  8:44  Overlord  
  160  8:47  Overlord  
  160  8:58  Swarm Host x4  
  172  9:07  Extractor, Roach x2  
  172  9:08  Roach x2  
  179  9:10  Baneling Nest  
  178  9:18  Roach x5  
  178  9:20  Ravager  
  182  9:32  Zergling x18  
  182  9:38  Ravager x3  
  184  9:39  Zergling x6  
  179  9:47  Roach  
  179  9:52  Roach x3  
  167  9:53  Roach x4  
  167  9:59  Roach  
  147  10:02  Roach  
  147  10:03  Roach x2  
  147  10:05  Roach  
  126  10:07  Roach  
  126  10:12  Roach  
  105  10:16  Drone x2  
  105  10:20  Drone  
  79  10:26  Roach x2  
  81  10:29  Drone  
  81  10:35  Drone x3  
  83  10:39  Drone  
  83  10:42  Drone x2  
  86  10:47  Drone x2  
  86  10:49  Zergling x2  
  89  10:51  Zergling x2  
  90  10:58  Roach x2  
  90  11:00  Ravager x2  
  90  11:01  Ravager  
  97  11:06  Zergling x6  
  100  11:11  Baneling x4  
  100  11:12  Drone x2  
  100  11:13  Drone  
  100  11:18  Drone x3  
  106  11:21  Zergling x2  
  106  11:22  Zergling x4  
  109  11:27  Baneling x6  
  109  11:34  Roach x2  
  109  11:38  Roach  
  109  11:39  Roach  
  117  11:46  Roach x2  
  121  11:52  Roach  
  121  11:53  Roach x2  
  126  11:56  Roach  
  126  11:57  Zergling x4  
  130  12:03  Roach x3  
  132  12:10  Roach  
  102  12:16  Roach  
  102  12:17  Roach x3  
Show
View Real Time Build Order
Export as new Build Order

GunGFuBanDa Protoss - Winner!

Build Orders: Archon Immortal 

Get SALT Encoding   

  12  0:00  Probe  
  13  0:12  Probe  
  14  0:17  Pylon  
  14  0:23  Probe  
  15  0:31  Probe  
  16  0:38  Gateway  
  16  0:39  Probe  
  17  0:50  Assimilator  
  17  0:51  Probe  
  18  1:03  Probe  
  19  1:15  Probe  
  19  1:18  Zealot  
  20  1:26  Gateway  
  20  1:27  Cybernetics Core  
  22  1:33  Pylon  
  22  1:36  Probe  
  23  1:52  Probe  
  24  2:07  Adept  
  26  2:08  Warp Gate  
  26  2:10  Adept  
  27  2:33  Nexus  
  27  2:42  Adept  
  29  2:44  Adept  
  29  2:50  Pylon  
  31  3:04  Probe  
  31  3:12  Probe  
  30  3:20  Probe  
  30  3:28  Assimilator  
  30  3:32  Probe  
  31  3:42  Probe  
  31  3:44  Probe  
  31  3:50  Probe  
  31  3:56  Probe  
  31  4:00  Probe  
  31  4:02  Adept  
  34  4:08  Probe  
  36  4:11  Probe  
  36  4:13  Sentry  
  39  4:19  Probe  
  39  4:20  Probe  
  39  4:24  Pylon  
  41  4:27  Probe, Pylon  
  42  4:32  Probe  
  42  4:35  Sentry  
  45  4:39  Probe  
  45  4:44  Probe  
  47  4:46  Robotics Facility  
  47  4:47  Probe  
  48  4:55  Stalker, Probe  
  48  4:57  Probe  
  52  5:04  Stalker  
  52  5:05  Probe  
  54  5:09  Probe, Assimilator  
  54  5:12  Pylon  
  56  5:17  Probe  
  56  5:18  Adept  
  56  5:20  Probe, Pylon  
  56  5:28  Probe  
  54  5:29  Probe  
  54  5:31  Immortal  
  60  5:36  Probe  
  60  5:39  Assimilator  
  60  5:42  Probe  
  57  5:53  Adept x2  
  56  5:58  Forge  
  56  5:59  Gateway  
  56  6:05  Gateway x2  
  56  6:06  Immortal  
  56  6:11  Shield Battery  
  56  6:12  Pylon  
  60  6:20  Sentry  
  60  6:22  Sentry  
  64  6:31  Pylon  
  64  6:33  Gateway  
  64  6:39  Warp Prism  
  64  6:45  Sentry, Zealot  
  66  6:51  Twilight Council  
  66  7:00  Zealot  
  68  7:02  Protoss Ground Weapons Level 1  
  68  7:11  Immortal  
  68  7:12  Gateway  
  68  7:13  Gateway  
  72  7:18  Charge  
  72  7:30  Templar Archives  
  72  7:36  Adept  
  74  7:42  Zealot x5, Immortal  
  88  7:59  Pylon  
  88  8:09  High Templar  
  88  8:10  Zealot, High Templar  
  94  8:14  Archon  
  94  8:16  Immortal  
  98  8:28  Pylon  
  98  8:38  Pylon  
  98  8:40  Pylon  
  98  8:47  Zealot x4, High Templar x2  
  110  8:52  Archon  
  110  8:59  Pylon  
  110  9:00  High Templar  
  110  9:01  High Templar  
  114  9:08  Archon  
  114  9:09  Zealot x4  
  122  9:20  Pylon  
  122  9:25  Zealot x2  
  124  9:31  Zealot x3  
  124  9:32  Zealot  
  118  9:50  Zealot x2  
  112  9:54  Zealot x4  
  108  10:02  Zealot x2  
  88  10:16  Immortal  
  64  10:44  Immortal, High Templar x4  
  64  10:45  Sentry x2  
  64  10:46  Sentry  
  64  10:47  Sentry  
  64  10:48  Archon x2  
  80  10:50  Nexus  
  80  10:52  Pylon  
  84  11:11  Zealot x4  
  92  11:21  Zealot x2, High Templar x2  
  92  11:25  Archon  
  100  11:31  Zealot x3  
  106  11:37  Zealot  
  108  11:52  High Templar x2  
  108  11:53  Zealot x3  
  118  11:57  Archon  
  118  11:59  Zealot x2  
  108  12:18  Zealot x4  
  92  12:32  High Templar x2  
  92  12:33  Zealot x2  
  92  12:37  Archon  
Tags
 
Add a new tag
Caveats
  • Supply blocks, unpowered buildings, or Contaminate may cause inaccurate times.
  • Supply counts are checked every 10 seconds.